 Dungeon Crawl Stone Soup version 0.32-a0-818-gb728d0252e (webtiles) character file.

Game seed: 5131070005264011693

6186 Kenran the Basher (level 10, -1/78 HPs)
             Began as a Mountain Dwarf Ice Elementalist on Mar 24, 2024.
             Was an Elder of Qazlal.
             Slain by a spriggan
             ... wielding a +0 spear
              (7 damage)
             ... in a bailey.
             The game lasted 00:19:35 (8721 turns).

Kenran the Basher (Mountain Dwarf Ice Elementalist) Turns: 8721, Time: 00:19:36

Health: -1/78      AC: 17    Str: 16    XL:     10   Next: 60%
Magic:  10/14      EV:  3    Int: 15    God:    Qazlal [****..]
Gold:   402        SH: 13    Dex: 10    Spells: 11/12 levels left

rFire   . . .        a - +0 morningstar (vamp)
rCold   . . .        v - +0 kite shield
rNeg    . . .        C - +0 plate armour
rPois   .            r - +0 helmet
rElec   .            H - scarf {shadows}
rCorr   .            i - +0 pair of gloves
SInv    .            m - +0 pair of boots
Will    +....        (no amulet) Stlth
                     (no ring)
HPRegen 0.33/turn    (no ring)
MPRegen 0.14/turn

%: repel missiles
@: no status effects
A: runic magic, artefact enchanting
a: Renounce Religion, Upheaval, Elemental Force


You were in a bailey.
You worshipped Qazlal.
Qazlal was greatly pleased with you.
You visited 2 branches of the dungeon, and saw 10 of its levels.
You also visited: Sewer, Ossuary and Bailey.

You collected 486 gold pieces.
You spent 84 gold pieces at shops.

Inventory:

Hand Weapons
 a - a +0 vampiric morningstar (weapon)
 E - a +2 whip of freezing
Armour
 i - a +0 pair of gloves (worn)
 m - a +0 pair of boots (worn)
 r - a +0 helmet (worn)
 v - a +0 kite shield (worn)
 C - a +0 plate armour (worn)
 H - a scarf of shadows (worn)
Jewellery
 e - the ring "Jovaset" {rN+ Str+3}
   (You took it off a gnoll on level 8 of the Dungeon)

   [ring of positive energy]

   Str+3:     It affects your strength (+3).
   rN+:       It protects you from negative energy.
Wands
 u - a wand of polymorph (7)
 F - a wand of warping (5)
 G - a wand of charming (21)
Scrolls
 c - 2 scrolls of revelation
 k - 7 scrolls of immolation {!r}
 l - 3 scrolls of enchant armour
 q - 3 scrolls of enchant weapon
 s - 2 scrolls of teleportation {unknown}
 w - 2 scrolls of blinking {unknown}
 x - a scroll of brand weapon
 y - 3 scrolls of poison {unknown}
 D - 2 scrolls of fog {unknown}
 J - a scroll of noise {unknown}
Potions
 b - 3 potions of magic
 d - a potion of enlightenment {unknown}
 f - a potion of brilliance {unknown}
 g - 2 potions of mutation {unknown}
 h - a potion of cancellation {unknown}
 n - 2 potions of lignification {unknown}
 o - 5 potions of attraction {!q}
 p - 2 potions of curing {@q1}
 t - 5 potions of invisibility {unknown}
 z - 2 potions of might {unknown}
 A - 3 potions of resistance {unknown}
 B - 2 potions of degeneration {unknown}
 I - a potion of berserk rage {unknown}


   Skills:
 - Level 4.0 Fighting
 - Level 14.0 Maces & Flails
 - Level 8.0 Armour
 - Level 1.3 Dodging
 - Level 1.4 Stealth
 - Level 5.0 Shields
 - Level 2.5 Unarmed Combat
 - Level 1.7 Spellcasting
 - Level 3.6 Ice Magic
 + Level 5.3 Invocations


You had 11 spell levels left.
You knew the following spells:

 Your Spells              Type           Power      Damage    Failure   Level
a - Freeze                Ice            48%        1d6       34%         1

Your spell library contained the following spells:

 Spells                   Type           Power      Damage    Failure   Level
 Frozen Ramparts          Ice            24%        1d4       71%         3
 Ozocubu's Armour         Ice            12%        N/A       71%         3
 Magic Dart               Conj           4%         1d3       83%         1
 Slow                     Hex            4%         N/A       83%         1
 Summon Ice Beast         Ice/Summ       6%         N/A       92%         3
 Blink                    Tloc           2%         N/A       93%         2
 Call Imp                 Summ           2%         N/A       93%         2
 Confusing Touch          Hex            1%         N/A       99%         3
 Gell's Gravitas          Tloc           1%         N/A       99%         3
 Sigil of Binding         Hex            1%         N/A       99%         3
 Teleport Other           Tloc           1%         N/A       99%         3
 Vampiric Draining        Necr           1%         2d6       99%         3
 Cause Fear               Hex            0%         N/A       100%        4
 Leda's Liquefaction      Alch/Erth      0%         N/A       100%        4
 Petrify                  Alch/Erth      1%         N/A       100%        4
 Fireball                 Conj/Fire      0%         3d3       100%        5
 Metabolic Englaciation   Hex/Ice        3%         N/A       100%        5
 Death Channel            Necr           0%         N/A       100%        6
 Dispersal                Tloc           0%         N/A       100%        6
 Sculpt Simulacrum        Ice/Alch       3%         N/A       100%        6
 Dragon's Call            Summ           0%         N/A       100%        9


Dungeon Overview and Level Annotations

Branches:
Dungeon (9/15)             Temple (1/1) D:4             Orc (0/2) D:9
  Sewer (visited)         Ossuary (visited)          Bailey (1/1)
   Lair: D:8-11

Altars:
Ashenzari
Cheibriados
Elyvilon
Hepliaklqana
Kikubaaqudgha
Makhleb
Qazlal
Ru
Sif Muna
Trog
Uskayaw
Vehumet
Xom
Yredelemnul
Zin
The Shining One

Shops:
D:2 *   D:5 (*!*   D:8 :


Innate Abilities, Weirdness & Mutations

Your spellcasting is much less encumbered by armour.
You can use scrolls of enchantment on lesser artefacts.


Message History

* * * LOW HITPOINT WARNING * * *
You miss the spriggan.
The spriggan is heavily wounded.
The spriggan hits you but does no damage.
You hit the spriggan.
You feel better.
The spriggan is severely wounded.
You block the spriggan's attack.
You hit the spriggan but do no damage.
The spriggan is severely wounded.
The spriggan completely misses you.
You hit the spriggan.
The spriggan is almost dead.
The spriggan hits you but does no damage.
You closely miss the spriggan.
The spriggan is almost dead.
You hit the spriggan but do no damage.
The spriggan is almost dead.
The spriggan hits you with a +0 spear!
* * * LOW HITPOINT WARNING * * *
You hit the spriggan but do no damage.
The spriggan is almost dead.
You block the spriggan's attack.
You hit the spriggan but do no damage.
The spriggan is almost dead.
You block the spriggan's attack.
You hit the spriggan but do no damage.
The spriggan is almost dead.
You block the spriggan's attack.
You closely miss the spriggan.
The spriggan is almost dead.
The spriggan hits you but does no damage.
You miss the spriggan.
The spriggan is almost dead.
A spriggan comes into view.
It is wielding a +2 rapier of protection.
The spriggan hits you with a +0 spear.
* * * LOW HITPOINT WARNING * * *
You barely miss the spriggan.
The spriggan is almost dead.
The spriggan hits you with a +0 spear!
You die... ≣≣≣≣≣≣≣≣≣

≣≣.......≣≣
≣≣)@.......≣≣ #
≣≣)i≣#≣#≣#♣..≣≣
## ≣≣..##
#♣..≣≣ ##.
≣.i#≣ #≣..≣≣
#.. ≣...≣
≣≣).≣##.. ≣...#
♣..~~)). ≣..~≣
≣..~~)). ≣..~~
≣..~~~). ≣..O≣
≣..~~~..


You could see 2 spriggans.

Vanquished Creatures
  A two-headed ogre (D:8)
  A kobold demonologist (D:9)
  3 spriggans (Bailey)
  Sigmund (D:4)
  A steam dragon (D:8)
  3 ice beasts
  6 sky beasts
  2 orc warriors
  A black bear (D:7)
  6 ogres (Bailey)
  2 centaurs (D:7)
  2 phantoms (D:5)
  A gnoll sergeant (D:8)
  3 bullfrogs
  A water moccasin zombie (Ossuary)
  3 scorpions
  A burial acolyte (Ossuary)
  11 killer bees
  6 howler monkeys
  A bombardier beetle (D:4)
  2 hounds
  A sleepcap (D:8)
  A spectral scorpion (Ossuary)
  An orc priest (D:8)
  4 iguanas
  6 orc wizards
  2 crocodile zombies (Ossuary)
  3 mummies
  9 gnolls
  A river rat (Sewer)
  13 adders
  A shadow imp (D:5)
  A white imp (D:5)
  2 ufetubi (D:6)
  3 adder zombies (Ossuary)
  5 ribbon worms
  2 dart slugs
  28 orcs
  14 ball pythons
  10 endoplasms
  3 giant cockroaches
  13 gnoll zombies (Ossuary)
  13 goblins
  3 hobgoblins
  11 jackals
  14 kobolds
  5 quokkas
  3 bats
  6 frilled lizards
  5 jackal zombies (Ossuary)
  8 orc zombies (Ossuary)
  24 rats
273 creatures vanquished.

Vanquished Creatures (collateral kills)
  3 yaks (D:8)
  An electric eel (D:8)
  2 orcs (D:8)
  2 ball pythons (Sewer)
8 creatures vanquished.

Vanquished Creatures (others)
  An orc wizard (D:8)
1 creature vanquished.

Grand Total: 282 creatures vanquished

Notes
Turn   | Place    | Note
-------+----------+-------------------------------------------
     0 | D:1      | Kenran the Mountain Dwarf Ice Elementalist began the quest
                  | for the Orb.
     0 | D:1      | Reached XP level 1. HP: 14/14 MP: 3/3
   204 | D:1      | Reached skill level 1 in Unarmed Combat
   227 | D:1      | Reached XP level 2. HP: 22/22 MP: 1/4
  1237 | D:2      | Reached skill level 1 in Fighting
  1237 | D:2      | Reached XP level 3. HP: 22/28 MP: 1/5
  1645 | D:2      | Reached skill level 1 in Maces & Flails
  1645 | D:2      | Reached XP level 4. HP: 33/36 MP: 1/6
  1739 | D:2      | Found Anoyhul's Assorted Antiques.
  2098 | D:2      | Reached skill level 2 in Maces & Flails
  2479 | D:3      | Reached skill level 3 in Maces & Flails
  2783 | D:3      | Reached XP level 5. HP: 32/41 MP: 2/7
  2989 | D:3      | Reached skill level 4 in Maces & Flails
  3092 | D:4      | Noticed Sigmund
  3121 | D:4      | Found a staircase to the Ecumenical Temple.
  3153 | Temple   | Entered the Ecumenical Temple
  3186 | Temple   | Became a worshipper of Qazlal Stormbringer
  3309 | D:4      | Reached skill level 5 in Maces & Flails
  3309 | D:4      | Reached XP level 6. HP: 40/48 MP: 8/8
  3487 | D:4      | Killed Sigmund
  3488 | D:4      | Reached skill level 6 in Maces & Flails
  3618 | D:4      | Found a sand-covered staircase.
  3627 | D:4      | Reached skill level 7 in Maces & Flails
  3672 | Ossuary  | Entered an ossuary
  3802 | Ossuary  | Reached XP level 7. HP: 26/55 MP: 9/9
  3834 | Ossuary  | Reached * piety under Qazlal
  3982 | Ossuary  | Reached skill level 8 in Maces & Flails
  4442 | D:4      | Reached skill level 9 in Maces & Flails
  4547 | D:5      | Entered Level 5 of the Dungeon
  4759 | D:5      | Found a glowing drain.
  4767 | D:5      | Found a glowing golden altar of the Shining One.
  4810 | Sewer    | Entered a sewer
  4852 | Sewer    | Reached ** piety under Qazlal
  5376 | Sewer    | Reached skill level 10 in Maces & Flails
  5376 | Sewer    | Reached skill level 1 in Armour
  5376 | Sewer    | Reached XP level 8. HP: 49/61 MP: 10/10
  5481 | D:5      | Found Cutziech's Assorted Antiques.
  5510 | D:5      | Found Kirioca's Assorted Antiques.
  5510 | D:5      | Found Eskyops's Antique Weapon Emporium.
  5511 | D:5      | Found Dowkacon's Distillery.
  5529 | D:5      | Bought a morningstar for 84 gold pieces
  6102 | D:6      | Reached *** piety under Qazlal
  6104 | D:6      | Reached skill level 1 in Invocations
  6156 | D:6      | Found a snail-covered altar of Cheibriados.
  6179 | D:6      | Identified the +10 lajatang "Roneur" {freeze, *Slow rF+
                  | MP+9 Int+6}
  6185 | D:6      | Identified the blade talisman of Impressiveness {Str+4}
  6324 | D:6      | Reached skill level 5 in Invocations
  6329 | D:6      | Found a broken altar of Ashenzari.
  6729 | D:7      | Reached XP level 9. HP: 65/71 MP: 12/12
  6896 | D:7      | Reached skill level 5 in Shields
  6906 | D:7      | Found a bloodstained altar of Trog.
  6952 | D:7      | Reached skill level 5 in Armour
  7551 | D:8      | Reached skill level 11 in Maces & Flails
  7554 | D:8      | Reached **** piety under Qazlal
  7624 | D:8      | Reached skill level 12 in Maces & Flails
  7774 | D:8      | Identified the ring "Jovaset" {rN+ Str+3}
  7797 | D:8      | Reached skill level 13 in Maces & Flails
  7815 | D:8      | Reached XP level 10. HP: 78/78 MP: 13/13
  7847 | D:8      | Noticed a two-headed ogre
  7856 | D:8      | Killed a two-headed ogre
  8002 | D:8      | Found Itughacw's Self-Improvement Boutique.
  8243 | D:8      | Found a white marble altar of Elyvilon.
  8313 | D:9      | Found a staircase to the Orcish Mines.
  8344 | D:9      | Reached skill level 14 in Maces & Flails
  8448 | D:9      | Found a flagged portal.
  8454 | Bailey   | Entered a bailey
  8688 | Bailey   | Identified the +7 swamp dragon scales of Lifelessness {+Inv
                  | rPois Int+4}
  8721 | Bailey   | Slain by a spriggan

Illustrated notes

Levels and vault maps discovered:
D:1:      roderic_octagonal_star, layout_basic
D:2:      kennysheep_six_static_rooms, layout_basic, serial_shops, shop,
          minmay_tetromino_i2
D:3:      layout_basic, nicolae_half_adder
D:4:      layout_basic, minmay_temple_entry_gardened_gates,
          gup_ossuary_entry_pyramid, uniq_sigmund
D:5:      layout_loops_ring, kennysheep_mini_moat, cheibrodos_sewer_entry_drain,
          minmay_shop_grid_forest, serial_bayou_pond_a
D:6:      layout_basic, nicolae_overflow_crystal_walls,
          ashenzari_conservatory_becter
D:7:      layout_basic, trog_three_pillars_becter
D:8:      layout_rooms, nicolae_overflow_hidden_temple,
          kennysheep_decorative_pillar, kennysheep_nub, nicolae_shop_self_help
D:9:      gammafunk_wand_slinger, layout_loops_ring,
          grunt_temple_overflow_opulence, fedhas_altar_3, david_lair_shrubbed,
          orc_0_dummy, enter_bailey_3
Temple:   minmay_temple_curvy_loop
Bailey:   bailey_polearm_enchanted_keep_hellmonk, bailey

Skill      XL: |  1  2  3  4  5  6  7  8  9 10 |
---------------+-------------------------------+-----
Unarmed Combat | 1 2 |  2.5
Fighting       | 1 2 4 |  4.0
Maces & Flails | 1 3 5 7 10 13 14 | 14.0
Armour         | 1 3 5 8 |  8.0
Invocations    | 5 |  5.3
Shields        | 4 5 |  5.0
Dodging        | |  1.3
Stealth        | |  1.4
Spellcasting   | |  1.7
Ice Magic      | |  3.6

Action                     |  1- 3 |  4- 6 |  7- 9 | 10-12 || total
---------------------------+-------+-------+-------+-------++-------
  Melee: Unarmed           |    82 |       |       |       ||    82
         Whip              |    62 |   289 |   386 |       ||   737
         Punch             |     2 |       |       |       ||     2
         Morningstar       |       |       |   377 |   142 ||   519
   Cast: Freeze            |    27 |    20 |       |       ||    47
 Invoke: Upheaval          |       |       |       |     3 ||     3
    Use: Scroll            |       |     5 |     3 |     1 ||     9
         Potion            |       |       |     9 |       ||     9
 Armour: Robe              |    17 |       |       |       ||    17
         Chain mail        |   103 |   242 |   125 |       ||   470
         Plate armour      |       |       |   499 |   104 ||   603
  Dodge: Dodged            |    46 |    56 |    44 |    13 ||   159
         Repelled          |       |       |     3 |       ||     3
  Block: Kite shield       |       |    49 |   431 |   114 ||   594

Table legend: (Time is in decaauts)
 A = Elapsed time spent in this place.
 B = Non-inter-level travel time spent in this place.
 C = Inter-level travel time spent in this place.
 D = Time resting spent in this place.
 E = Time spent auto-exploring this place.
 F = Levels seen in this place.
 G = Mean time per level.
                   A        B        C        D        E       F      G
               +--------+--------+--------+--------+--------+-----+--------+
         Total |   8769 |   8383 |    386 |   1805 |   3564 |  13 |  674.5 |
       Dungeon |   7254 |   6932 |    322 |   1151 |   3422 |   9 |  806.0 |
        Temple |     66 |      2 |     64 |      0 |      0 |   1 |   66.0 |
         Sewer |    634 |    634 |      0 |    308 |     86 |   1 |  634.0 |
       Ossuary |    547 |    547 |      0 |    197 |     31 |   1 |  547.0 |
        Bailey |    266 |    266 |      0 |    149 |     24 |   1 |  266.0 |
               +--------+--------+--------+--------+--------+-----+--------+

Top non-repeatable levels by time:
     D:2: 1224 daAuts
     D:3: 952 daAuts
     D:1: 946 daAuts
     D:7: 922 daAuts
     D:5: 865 daAuts
     D:4: 792 daAuts
     D:8: 789 daAuts
   Sewer: 634 daAuts
     D:6: 585 daAuts
 Ossuary: 547 daAuts
  Bailey: 266 daAuts
     D:9: 174 daAuts
  Temple: 66 daAuts
